Map: Orbital Shipyard

Players

Revalence

  • Race: Terran Terran
  • League: Diamond

LindyHop - Winner!

  • Race: Zerg Zerg
  • League: Platinum

VOD

Have the link to the VOD?

Description

Time

  • Played on: Jan. 20, 2016, 8:32 p.m.
  • Length: 4:47
Show
View Real Time Build Order
Export as new Build Order

Revalence Terran 

Build Orders: Reaper Expand 

Get SALT Encoding   

  12  0:01  SCV  
  13  0:13  SCV  
  14  0:18  Supply Depot  
  14  0:25  SCV  
  15  0:40  SCV, Barracks  
  16  0:49  Refinery  
  16  0:52  SCV  
  17  1:04  SCV  
  18  1:16  SCV  
  19  1:29  Orbital Command  
  19  1:33  Reaper  
  20  1:40  Command Center  
  20  1:52  Supply Depot  
  20  1:55  SCV  
  21  2:06  Marine  
  22  2:09  SCV  
  22  2:13  Factory  
  23  2:21  SCV  
  24  2:23  Refinery  
  24  2:24  Marine  
  25  2:33  SCV  
  26  2:42  Marine  
  27  2:46  SCV  
  28  2:55  Orbital Command  
  28  2:57  Starport  
  28  2:58  Factory Tech Lab  
  28  3:00  Marine  
  28  3:02  SCV  
  30  3:07  Supply Depot  
  30  3:14  SCV  
  33  3:21  Cyclone  
  33  3:25  SCV  
  34  3:28  SCV  
  34  3:33  Marine  
  36  3:44  SCV  
  36  3:45  SCV  
  36  3:46  Command Center  
  38  3:54  Starport Tech Lab  
  38  3:59  SCV  
  38  4:00  SCV  
  40  4:04  Banshee  
  40  4:06  Widow Mine  
  45  4:15  Marine  
Show
View Real Time Build Order
Export as new Build Order

LindyHop Zerg - Winner!

Build Orders: Pool First 

Get SALT Encoding   

  12  0:01  Drone  
  13  0:12  Overlord  
  13  0:17  Drone  
  14  0:30  Drone x2  
  14  0:33  Extractor  
  14  0:35  Drone  
  16  0:48  Spawning Pool  
  15  0:52  Drone  
  16  1:01  Drone  
  17  1:07  Drone  
  18  1:18  Drone  
  19  1:35  Hatchery  
  18  1:40  Queen  
  20  1:52  Roach Warren  
  19  2:02  Drone  
  19  2:04  Overlord  
  20  2:39  Roach x3  
  26  2:49  Roach x3  
  32  2:53  Overlord  
  32  3:04  Roach x2  
  36  3:21  Roach, Zergling x2  
  36  3:22  Zergling x4  
  41  3:34  Zergling x6  
  42  3:35  Overlord  
  44  3:55  Ravager  
  45  4:02  Ravager  
  46  4:07  Extractor  
Tags
 
Add a new tag
Caveats
  • Supply blocks, unpowered buildings, or Contaminate may cause inaccurate times.
  • Supply counts are checked every 10 seconds.